 Dungeon Crawl Stone Soup version 0.30.1-3-gfc49f6343a (webtiles) character file.

Game seed: 9634272736243691737

2755 LordWeiramon the Basher (level 9, -5/109 HPs)
             Began as an Armataur Monk on July 19, 2023.
             Was an Initiate of Gozag.
             Slain by Amaemon
             ... wielding a -2 demon whip of venom
              (6 damage)
             ... on level 8 of the Dungeon.
             The game lasted 00:24:02 (5632 turns).

LordWeiramon the Basher (Armataur Monk)             Turns: 5632, Time: 00:24:03

Health: -5/109     AC:  8    Str: 20    XL:     9   Next: 41%
Magic:  9/9        EV:  9    Int: 12    God:    Gozag
Gold:   849        SH:  0    Dex: 12    Spells: 6/8 levels left

rFire   + . .        a - +9 hammer of the Establishment {drain, rElec rC+++ rN+ Stlth-}
rCold   + + +        c - orb {light}
rNeg    + . .        f - +0 leather armour
rPois   .            (no helmet)
rElec   +            (no cloak)
rCorr   .            (no gloves)
SInv    .            (no barding)
Will    .....        k - amulet of magic regeneration Stlth
                     d - +4 ring of protection
HPRegen 0.38/turn    v - ring of protection from fire
MPRegen 0.51/turn

%: roll
@: mighty, berserking, lethally poisoned (-5 -> -42), slowed, glowing
A: large, rugged brown scales 3, deformed body, armoured tail, roll, long
tongue, awkward tongue
a: Renounce Religion, Potion Petition, Call Merchant, Bribe Branch


You were on level 8 of the Dungeon.
You worshipped Gozag.
Gozag was pleased with you.
You visited 1 branch of the dungeon, and saw 8 of its levels.

You collected 849 gold pieces.

Inventory:

Hand Weapons
 a - the +9 hammer of the Establishment (weapon) {drain, rElec rC+++ rN+ Stlth-}
   (You found it on level 3 of the Dungeon)

   rC:        It renders you almost immune to cold.
   rElec:     It insulates you from electricity.
   rN:        It protects you from negative energy.
   Stlth:     It makes you less stealthy.
Armour
 c - an orb of light (worn)
 f - a +0 leather armour (worn)
Jewellery
 d - a +4 ring of protection (left hand)
 k - an amulet of magic regeneration (around neck)
 u - a ring of see invisible
 v - a ring of protection from fire (right hand)
Wands
 p - a wand of acid (5)
 q - a wand of mindburst (18)
Scrolls
 e - a scroll of magic mapping
 g - 2 scrolls of teleportation
 i - 2 scrolls of summoning
 j - 2 scrolls of fear
 o - a scroll of silence
 r - 2 scrolls of amnesia
 w - a scroll of fog {unknown}
 x - a scroll of blinking {unknown}
Potions
 b - a potion of ambrosia
 h - 2 potions of curing
 n - a potion of might
 s - a potion of mutation
 t - a potion of haste


   Skills:
 - Level 3.1 Fighting
 + Level 10.9 Maces & Flails
 - Level 2.1 Dodging
 - Level 5.0 Unarmed Combat


You had 6 spell levels left.
You knew the following spells:

 Your Spells              Type           Power      Damage    Failure   Level
a - Blink                 Tloc           0%         N/A       52%         2

Your spell library contained the following spells:

 Spells                   Type           Power      Damage    Failure   Level
 Beastly Appendage        Tmut           0%         N/A       36%         1
 Freeze                   Ice            0%         1d3       36%         1
 Kiss of Death            Conj/Necr      0%         2d5       36%         1
 Slow                     Hex            0%         N/A       36%         1
 Cigotuvi's Dreadful Rot  Necr/Pois/Air  0%         N/A       52%         2
 Wereblood                Tmut           0%         N/A       52%         2
 Confusing Touch          Hex            0%         N/A       75%         3
 Frozen Ramparts          Ice            0%         1d1       75%         3
 Hailstorm                Conj/Ice       0%         3d3       75%         3
 Ignite Poison            Fire/Tmut/Pois 0%         N/A       75%         3
 Spider Form              Tmut/Pois      0%         N/A       75%         3
 Vampiric Draining        Necr           0%         2d6       75%         3
 Dispel Undead            Necr           0%         3d6       98%         4
 Manifold Assault         Tloc           0%         N/A       98%         4
 Freezing Cloud           Conj/Ice/Air   0%         6-21      100%        5
 Storm Form               Tmut/Air       0%         N/A       100%        7


Dungeon Overview and Level Annotations

Branches:
Dungeon (8/15)             Temple (0/1) D:6
   Lair: D:8-11

Altars:
Cheibriados
Fedhas
Gozag
Nemelex Xobeh
Qazlal
Sif Muna
Yredelemnul

Annotations:
D:3 1 runed translucent door, Crazy Yiuf
D:8 Amaemon


Innate Abilities, Weirdness & Mutations

You are completely covered in rugged brown scales. (AC +3, +7% HP)
Armour fits poorly on your strangely shaped body.
You have a long armoured tail.
You roll when moving toward enemies. (Rampage)
Your long tongue fully drains potion bottles. (2x potion effects)
Your tongue gives you trouble enunciating. (1.5x scroll delay)


Message History

You feel very sick. The scorpion closely misses you.
The scorpion barely misses you. The orange demon stings you from afar.
You are more poisoned.
The orange demon poisons you!
Amaemon gestures wildly while chanting.
Unknown command.
Unknown command.
You sock Amaemon!
Amaemon is heavily wounded.
You feel very sick. The scorpion closely misses you.
The scorpion barely misses you.
You sock Amaemon!
Amaemon is severely wounded.
You feel very sick.
The orange demon stings you but does no damage.
Amaemon barely misses you. Amaemon claws you!
* * * LOW HITPOINT WARNING * * *
Amaemon barely misses you.
You hit Amaemon. You drain Amaemon.
Amaemon is severely wounded.
* * * LOW HITPOINT WARNING * * *
You feel very sick. The scorpion stings you.
* * * LOW HITPOINT WARNING * * *
You are more poisoned.
You have difficulty breathing.
* * * LOW HITPOINT WARNING * * *
You feel yourself slow down.
The scorpion stings you but does no damage.
You sock Amaemon! You drain Amaemon.
Amaemon is almost dead.
* * * LOW HITPOINT WARNING * * *
You feel extremely sick.
The scorpion stings you but does no damage.
The orange demon stings you from afar!
* * * LOW HITPOINT WARNING * * *
Amaemon hits you with a -2 demon whip of venom.
You die...
Your body crumbles into a pile of gold.

6.. .. #.# .. #.##
#. #..# #.####.# ..#
#.# #. #.# #.# #.
#.###4##### #.#
#.s@6s>...#
####..###.s.s.....#
.......<)...s..)..#.
.###>...#.).........
##...#))..........
#..............##
#...#..##......#..#
#...##...........##
#.. ####.##.##....


You could see Amaemon (drained), an orange demon and 5 scorpions.

Vanquished Creatures
  Prince Ribbit (D:7)
  Grinder (D:4)
  2 wyverns
  Eustachio (D:4)
  A water moccasin (D:7)
  An ice beast (D:6)
  An orc warrior (D:6)
  A sky beast (D:7)
  A black bear (D:3)
  4 ogres
  A centaur (D:8)
  2 kobold brigands
  A bullfrog (D:6)
  A scorpion (D:5)
  A howler monkey (D:6)
  6 hounds
  2 orc priests
  A sleepcap (D:5)
  Jessica (D:3)
  Natasha (twice) (D:2)
  An orc wizard (D:7)
  8 iguanas
  6 adders
  A shadow imp (D:6)
  4 white imps
  An ufetubus (D:4)
  2 worms (D:4)
  5 dart slugs
  11 orcs
  9 endoplasms
  A giant cockroach (D:2)
  10 goblins
  13 hobgoblins
  6 quokkas
  7 ball pythons
  5 bats (D:2)
  A frilled lizard (D:3)
  18 kobolds
  A rat (D:1)
142 creatures vanquished.

Notes
Turn   | Place    | Note
-------+----------+-------------------------------------------
     0 | D:1      | LordWeiramon the Armataur Monk began the quest for the Orb.
     0 | D:1      | Reached XP level 1. HP: 19/19 MP: 1/1
   162 | D:1      | Reached XP level 2. HP: 26/26 MP: 2/2
   421 | D:1      | You fall into a shaft and drop 1 floor!
   472 | D:2      | Reached XP level 3. HP: 13/32 MP: 3/3
   608 | D:1      | Found a faded altar of an unknown god.
   666 | D:1      | Learned a level 2 spell: Blink
   942 | D:2      | Noticed Natasha
   954 | D:2      | Killed Natasha
   955 | D:2      | Reached XP level 4. HP: 15/39 MP: 4/4
  1316 | D:2      | Noticed Natasha
  1327 | D:2      | Killed Natasha
  1380 | D:3      | Reached skill level 5 in Unarmed Combat
  1394 | D:3      | Noticed Jessica
  1407 | D:3      | Killed Jessica
  1408 | D:3      | Reached XP level 5. HP: 48/48 MP: 5/5
  1498 | D:3      | Identified the +9 hammer of the Establishment {drain, rElec
                  | rC+++ rN+ Stlth-}
  1503 | D:3      | Found a runed translucent door.
  1504 | D:3      | Noticed Crazy Yiuf
  1813 | D:3      | Noticed a black bear
  1821 | D:3      | Killed a black bear
  1822 | D:3      | Reached skill level 2 in Maces & Flails
  2263 | D:4      | Noticed an ogre
  2272 | D:4      | Noticed an ogre
  2288 | D:4      | Noticed Grinder
  2296 | D:4      | Killed an ogre
  2297 | D:4      | Reached skill level 3 in Maces & Flails
  2297 | D:4      | Reached XP level 6. HP: 54/54 MP: 6/6
  2298 | D:4      | Paralysed by Grinder for 4 turns
  2307 | D:4      | Killed Grinder
  2308 | D:4      | Reached skill level 4 in Maces & Flails
  2308 | D:4      | Reached XP level 7. HP: 60/60 MP: 7/7
  2361 | D:4      | Reached skill level 5 in Maces & Flails
  2542 | D:4      | Noticed Eustachio
  2551 | D:4      | Killed Eustachio
  2552 | D:4      | Reached skill level 6 in Maces & Flails
  2895 | D:5      | Entered Level 5 of the Dungeon
  2915 | D:5      | Found an opulent altar of Gozag.
  2936 | D:5      | Became a worshipper of Gozag Ym Sagoz the Greedy
  3049 | D:5      | Reached skill level 7 in Maces & Flails
  3049 | D:5      | Reached XP level 8. HP: 67/67 MP: 8/8
  3112 | D:5      | Found a blossoming altar of Fedhas.
  3112 | D:5      | Found a sparkling altar of Nemelex Xobeh.
  3113 | D:5      | Found a basalt altar of Yredelemnul.
  3114 | D:5      | Found a shimmering blue altar of Sif Muna.
  3215 | D:5      | Found a stormy altar of Qazlal.
  3641 | D:6      | Reached skill level 8 in Maces & Flails
  4061 | D:6      | Identified the +1 robe "Huchouj" {Fly Dex-4 Archmagi}
  4235 | D:6      | Reached skill level 9 in Maces & Flails
  4271 | D:6      | Found a staircase to the Ecumenical Temple.
  4681 | D:7      | Reached XP level 9. HP: 50/73 MP: 9/9
  4784 | D:7      | Reached skill level 10 in Maces & Flails
  4941 | D:7      | Noticed Prince Ribbit
  4946 | D:7      | Killed Prince Ribbit
  5102 | D:7      | Found a snail-covered altar of Cheibriados.
  5608 | D:8      | Noticed Amaemon
  5627 | D:8      | Noticed an orange demon
  5632 | D:8      | HP: 1/109 [orange demon[Amaemon] (10)]
  5632 | D:8      | Slain by Amaemon

Illustrated notes

Levels and vault maps discovered:
D:1:      nicolae_arrival_washed_ashore, layout_rooms,
          hellmonk_ecumenical_altar_crossroads
D:2:      layout_rooms, chequers_arboretum, uniq_natasha
D:3:      layout_rooms, serial_forest, infiniplex_forest_end_2,
          infiniplex_forest_clump_long, infiniplex_forest_straight_4,
          infiniplex_forest_end_2, infiniplex_forest_zigzag_1,
          infiniplex_forest_end_1, infiniplex_forest_lined_3, uniq_jessica,
          uniq_crazy_yiuf_cottage
D:4:      layout_loops_ring, serial_forest, infiniplex_forest_zigzag_1,
          infiniplex_forest_diagonal, infiniplex_forest_lined_4_way,
          infiniplex_forest_clump_long, infiniplex_forest_clump_double,
          infiniplex_forest_lined_1, minmay_diced_spiral, uniq_eustachio,
          uniq_grinder
D:5:      layout_basic, mainiacjoe_overflow_alcove_1, minitemple,
          nicolae_gozag_seed_capital, minmay_pentangle
D:6:      layout_loops_cross, minmay_temple_entry_from_below_a,
          kennysheep_generic_room_3
D:7:      layout_cave_pods, marbit_many_paths, minmay_misc_feat_rugged,
          uniq_prince_ribbit1
D:8:      layout_rooms, lemuel_coloured_pillars_altar, enter_bailey_3,
          serial_shops, shop, hangedman_decor_diamond_cutter, minivault_19,
          nicolae_shop_i_like_small_books_too, glass_columns_a, uniq_amaemon,
          uniq_maurice

Skill      XL: |  1  2  3  4  5  6  7  8  9 |
---------------+----------------------------+-----
Unarmed Combat | 3 4 5 |  5.0
Fighting       | 3 |  3.1
Maces & Flails | 3 4 7 9 10 | 10.9
Dodging        | |  2.1

Action                     |  1- 3 |  4- 6 |  7- 9 || total
---------------------------+-------+-------+-------++-------
  Melee: Unarmed           |    74 |    62 |       ||   136
         Tailslap          |     9 |    12 |    28 ||    49
         Mace              |       |    39 |   160 ||   199
    Use: Scroll            |     3 |     3 |     8 ||    14
         Potion            |     1 |     2 |     3 ||     6
 Armour: Robe              |    11 |     5 |       ||    16
         Leather armour    |       |    20 |    40 ||    60
         Skin              |       |    13 |       ||    13
  Dodge: Dodged            |    20 |    26 |    46 ||    92
